Map: Catallena LE (Void)

Players

Dark

  • Race: Zerg Zerg
  • Spawn Location: 5:00

herO - Winner!

  • Race: Protoss Protoss
  • Spawn Location: 9:00

Event: 2017 WCS Global Finals

VOD

Have the link to the VOD?

Description

Time

  • Played on: Oct. 29, 2017, 1:16 p.m.
  • Length: 11:04

All games in this series

Show
View Real Time Build Order
Export as new Build Order

Dark Zerg 

Build Orders: Pool First 

Get SALT Encoding   

  12  0:00  Drone  
  13  0:13  Overlord  
  13  0:17  Drone  
  14  0:32  Drone  
  14  0:33  Drone  
  16  0:36  Drone  
  17  0:46  Extractor  
  17  0:47  Drone  
  17  0:51  Spawning Pool  
  17  0:57  Drone  
  17  1:08  Drone  
  18  1:17  Hatchery  
  17  1:22  Drone  
  18  1:28  Drone  
  19  1:38  Queen  
  21  1:40  Zergling x2  
  22  1:48  Metabolic Boost  
  22  1:58  Overlord  
  22  2:16  Queen  
  22  2:18  Drone x2  
  26  2:34  Drone  
  26  2:35  Drone  
  28  2:43  Hatchery  
  26  2:47  Zergling x4  
  26  2:49  Drone x3  
  31  2:55  Drone x2  
  33  3:04  Overlord  
  33  3:09  Drone x2  
  35  3:21  Queen  
  35  3:25  Zergling x8  
  40  3:29  Drone x2  
  40  3:32  Drone  
  43  3:35  Spore Crawler x2  
  40  3:43  Overlord  
  40  3:44  Drone x3  
  43  3:53  Drone  
  43  3:59  Drone x2  
  43  4:00  Queen  
  47  4:09  Drone x2  
  49  4:16  Extractor, Drone x3  
  51  4:17  Extractor, Roach Warren  
  51  4:18  Spore Crawler, Drone  
  51  4:19  Drone  
  51  4:22  Overlord  
  51  4:23  Drone  
  51  4:38  Overlord  
  51  4:49  Drone x4  
  51  4:52  Overlord x2  
  54  4:58  Roach x5  
  64  5:09  Overlord  
  64  5:12  Lair  
  64  5:13  Roach x3  
  70  5:15  Drone  
  70  5:19  Roach x2  
  75  5:27  Drone x2  
  79  5:28  Roach, Evolution Chamber  
  78  5:40  Roach x4  
  78  5:41  Roach  
  88  5:43  Overlord  
  88  5:47  Overlord  
  88  5:52  Drone x2  
  90  5:57  Zerg Missile Weapons Level 1  
  90  5:58  Overlord  
  90  6:15  Drone x4  
  90  6:17  Roach x5  
  104  6:24  Glial Reconstitution  
  103  6:28  Baneling Nest, Drone x2  
  103  6:29  Roach x2  
  108  6:33  Drone x2  
  110  6:41  Roach x2  
  110  6:44  Extractor, Overlord x3  
  112  7:03  Roach x5  
  112  7:04  Roach  
  112  7:05  Zergling x2  
  112  7:07  Ravager  
  112  7:08  Ravager  
  135  7:18  Zergling x6  
  135  7:19  Overlord x2  
  136  7:25  Roach x4  
  136  7:27  Zergling x2  
  107  7:30  Roach  
  107  7:35  Roach  
  107  7:36  Roach x7  
  117  7:41  Roach x2  
  121  7:45  Zergling x2  
  113  7:53  Roach x3  
  113  7:54  Roach x2  
  116  8:00  Roach  
  116  8:02  Roach, Zergling x2  
  120  8:06  Roach  
  122  8:13  Roach, Zergling x10  
  122  8:18  Zergling x4  
  131  8:23  Zergling x2  
  131  8:26  Zergling x4  
  134  8:32  Baneling  
  134  8:33  Baneling x8  
  134  8:34  Baneling  
  134  8:35  Zergling x4  
  136  8:43  Zergling x6  
  136  8:44  Zergling x6  
  136  8:47  Baneling x2  
  142  8:52  Baneling x6  
  142  8:53  Zergling x4  
  142  8:54  Zergling x8  
  148  8:58  Zergling x2  
  148  8:59  Zergling x2  
  150  9:04  Zergling x2  
  139  9:11  Hatchery  
  86  9:24  Roach x7  
  86  9:25  Roach x2  
  86  9:28  Roach x3  
  95  9:32  Roach x2  
  95  9:36  Roach  
  101  9:42  Roach x2  
  101  9:43  Roach x3  
  101  9:44  Roach  
  101  9:45  Zergling x6  
  113  9:52  Zergling x2  
  113  9:53  Ravager  
  113  9:56  Roach x2  
  110  10:11  Zergling x4  
  110  10:12  Zergling x8  
  116  10:20  Baneling x2  
  110  10:22  Baneling x8  
  110  10:23  Zergling x2  
  110  10:24  Zergling x12  
  118  10:28  Drone  
  118  10:29  Zergling x4  
  120  10:36  Zergling x4  
Show
View Real Time Build Order
Export as new Build Order

herO Protoss - Winner!

Build Orders: 1 Gate Expand, Oracle Opening, Phoenix Opening, Archon Immortal, Zealot Archon, Archon Drop 

Get SALT Encoding   

  12  0:00  Probe (Chrono Boost)  
  13  0:11  Probe (Chrono Boost)  
  14  0:19  Pylon  
  14  0:22  Probe (Chrono Boost)  
  15  0:34  Assimilator  
  15  0:37  Probe (Chrono Boost)  
  16  0:43  Gateway  
  16  0:48  Probe (Chrono Boost)  
  17  0:58  Probe (Chrono Boost)  
  18  1:09  Probe (Chrono Boost)  
  19  1:21  Nexus  
  19  1:24  Probe (Chrono Boost)  
  20  1:35  Cybernetics Core  
  20  1:37  Probe (Chrono Boost)  
  21  1:44  Assimilator  
  21  1:47  Probe (Chrono Boost)  
  21  1:52  Pylon  
  22  1:58  Probe (Chrono Boost)  
  23  2:10  Probe (Chrono Boost)  
  23  2:12  Adept (Chrono Boost)  
  26  2:15  Stargate  
  26  2:22  Probe  
  26  2:24  Warp Gate  
  27  2:32  Probe (Chrono Boost)  
  27  2:35  Adept (Chrono Boost), Probe (Chrono Boost)  
  31  2:44  Probe (Chrono Boost)  
  32  2:46  Probe (Chrono Boost)  
  33  2:53  Probe (Chrono Boost)  
  33  2:56  Probe (Chrono Boost)  
  35  2:58  Oracle (Chrono Boost)  
  35  3:03  Assimilator  
  35  3:04  Probe  
  38  3:05  Assimilator  
  38  3:08  Probe  
  40  3:13  Adept  
  40  3:17  Pylon  
  40  3:19  Probe  
  42  3:20  Probe  
  44  3:31  Probe  
  46  3:34  Probe (Chrono Boost)  
  47  3:43  Probe (Chrono Boost)  
  47  3:44  Phoenix (Chrono Boost)  
  47  3:46  Probe (Chrono Boost)  
  48  3:50  Forge, Twilight Council  
  48  3:52  Pylon  
  48  3:59  Probe x2 (Chrono Boost)  
  50  4:03  Robotics Facility  
  51  4:10  Probe x2 (Chrono Boost)  
  52  4:18  Protoss Ground Weapons Level 1  
  52  4:20  Probe x2 (Chrono Boost)  
  52  4:24  Gateway  
  54  4:25  Gateway  
  54  4:31  Gateway  
  54  4:34  Charge (Chrono Boost)  
  54  4:42  Templar Archives  
  54  4:47  Mothership Core  
  54  4:48  Probe  
  54  4:51  Warp Prism (Chrono Boost)  
  59  5:00  Pylon  
  59  5:02  Pylon  
  59  5:08  Pylon  
  59  5:13  Pylon  
  59  5:24  Nexus  
  59  5:35  High Templar x3  
  59  5:36  High Templar  
  59  5:41  Gateway, Archon x2  
  59  5:42  Gateway x2  
  67  5:44  Gateway  
  67  5:47  Immortal (Chrono Boost)  
  71  5:54  Pylon  
  71  5:56  Pylon  
  71  6:09  Pylon  
  72  6:13  Zealot x4  
  79  6:27  Observer (Chrono Boost), Pylon  
  82  6:36  High Templar x2  
  82  6:37  Zealot x5  
  94  6:40  Archon  
  94  6:41  Zealot  
  96  6:48  Probe  
  96  6:49  Probe x2  
  99  7:02  High Templar x2  
  99  7:04  Zealot x4, Protoss Ground Weapons Level 2  
  99  7:07  Archon  
  99  7:08  Zealot x2  
  111  7:14  Probe  
  111  7:15  Probe x2  
  112  7:19  Immortal (Chrono Boost)  
  90  7:46  Zealot x6  
  90  7:47  Zealot  
  100  7:52  Warp Prism (Chrono Boost)  
  98  7:58  Probe  
  98  8:00  Probe x2  
  99  8:10  Probe  
  99  8:12  Assimilator, Probe x2  
  100  8:13  Assimilator  
  100  8:15  High Templar  
  100  8:16  High Templar x3  
  100  8:18  Pylon  
  108  8:20  Archon, Probe, Pylon  
  108  8:21  Archon  
  108  8:24  Probe x2  
  108  8:26  Immortal (Chrono Boost)  
  115  8:31  Probe, Pylon  
  113  8:46  High Templar x2, Zealot x2  
  113  8:48  Zealot x4  
  129  8:52  Archon  
  125  8:59  Pylon  
  125  9:00  Immortal (Chrono Boost)  
  129  9:09  Zealot x4  
  129  9:16  Zealot x2  
  121  9:18  Zealot  
  121  9:19  Zealot  
  101  9:30  Zealot x3  
  105  9:34  Immortal (Chrono Boost)  
  109  9:40  High Templar x4  
  109  9:44  Archon, Pylon  
  109  9:45  Archon, Pylon  
  117  9:46  Zealot  
  117  9:52  Zealot x4  
  110  10:19  High Templar x2, Zealot x6  
  122  10:23  Archon  
  118  10:44  Zealot x6  
  116  10:51  Zealot x2  
Tags
 
Add a new tag
Caveats
  • Supply blocks, unpowered buildings, or Contaminate may cause inaccurate times.
  • Supply counts are checked every 10 seconds.